 Dungeon Crawl Stone Soup version 0.17.3-4-g93a25c67f4 (webtiles) character file.

84 Goblin1989 the Sneak (level 4, -3/42 HPs)
             Began as a Kobold Berserker on Jan 8, 2024.
             Was a Believer of Trog.
             Slain by Natasha (5 damage)
             ... on level 2 of the Dungeon.
             The game lasted 00:04:25 (1180 turns).

Goblin1989 the Sneak (Kobold Berserker)             Turns: 1180, Time: 00:04:26

Health: -3/42      AC:  2    Str: 20    XL:     4   Next: 72%
Magic:  4/4        EV: 15    Int:  5    God:    Trog [**....]
Gold:   166        SH:  0    Dex: 16    Spells: 0 memorised, 3 levels left

rFire  . . .     SeeInvis .     a - +0 short sword
rCold  . . .     Clarity  .     b - +0 animal skin
rNeg   . . .     SustAt   .     (shield restricted)
rPois  .         Gourm    .     (no helmet)
rElec  .         Spirit   .     (no cloak)
rCorr  .         Warding  .     (no gloves)
rMut   .         Stasis   .     (no boots)
MR     .....                    (no amulet)
Stlth  ..........               (no ring)
                                (no ring)

@: berserking (expiring), lethally poisoned (-3 -> -8), slowed, not resistant to
hostile enchantments, extremely unstealthy
A: carnivore 3
a: Berserk, Trog's Hand, Burn Spellbooks, Renounce Religion


You were on level 2 of the Dungeon.
You worshipped Trog.
Trog was pleased with you.
You were very full.

You visited 1 branch of the dungeon, and saw 2 of its levels.

You collected 166 gold pieces.

Inventory:

Hand Weapons
 a - a +0 short sword (weapon)
Armour
 b - a +0 animal skin (worn)
Jewellery
 j - a cursed ring of sustain attributes {unknown}
Scrolls
 f - a scroll of teleportation {unknown}
 g - 2 scrolls of noise {unknown}
 h - a scroll of fear {unknown}
 l - 2 scrolls of enchant armour {unknown}
 m - a scroll of fog {unknown}
 n - 5 scrolls of identify {unknown}
Potions
 d - a potion of brilliance {unknown}
 e - a potion of ambrosia {unknown}
 o - a potion of poison {unknown}
 p - a potion of haste
 q - 2 potions of curing {unknown}
Comestibles
 c - a meat ration {@e2}
 i - a slice of pizza
 k - a beef jerky


   Skills:
 - Level 3.2 Fighting
 - Level 4.0 Short Blades
 - Level 1.5 Armour
 - Level 2.4 Dodging
 + Level 5.7 Stealth


You had 3 spell levels left.
You didn't know any spells.

Dungeon Overview and Level Annotations

Branches:
Dungeon (2/15)

Altars:
Qazlal

Annotations:
D:2 Natasha


Innate Abilities, Weirdness & Mutations

You are small and have problems with some larger weapons.
You are carnivorous and can eat meat at any time.


Message History

No target in view!
No target in view!
No target in view!
No target in view!
No target in view!
No target in view!
You now have 166 gold pieces (gained 11).
p - a blue potion
q - 2 smoky coppery potions
Found a stormy altar of Qazlal.
Unknown command.
Unknown command.
An adder comes into view.
Unknown command.
Marking area around Natasha as unsafe for travelling.
Natasha, Servant of Life and Death comes into view.
Natasha hisses angrily.
An adder and a giant cockroach come into view.
Unknown command.
Natasha howls an incantation.
You feel troubled. Natasha casts a spell at you. You resist with some effort.
Natasha drinks a potion.
Natasha seems to speed up.
Unknown command.
Natasha hisses.
Natasha casts a spell.
Natasha mumbles some strange words.
Natasha's fingertips start to glow.
The crimson imp blinks!
Natasha mumbles some strange words.
Natasha glows brightly for a moment.
Natasha stares at you and mumbles some strange words.
You feel yourself slow down.
Natasha mumbles some strange words.
The adder misses you.
Natasha casts a spell.
The adder bites you.
You take 4 damage, and have 21/28 hp.
A red film seems to cover your vision as you go berserk!
You feel yourself moving faster!
You feel mighty!
You feel somewhat less full. The adder misses you. Natasha claws you.
The adder bites you.
You are poisoned.
The adder poisons you!
You now have 28/42 hp.
You hit the adder.
The adder is lightly wounded.
You feel sick. Natasha completely misses you. The adder bites you.
The crimson imp blinks!
The iron imp barely misses you. Natasha barely misses you.
A bat comes into view.
You take 4 damage, and have 24/42 hp.
You hit the adder.
The adder is severely wounded.
The adder bites you.
You are more poisoned.
The adder poisons you! Natasha claws you.
* * * LOW HITPOINT WARNING * * *
You take 7 damage, and have 17/42 hp.
You closely miss the adder.
The adder is severely wounded.
You feel sick. The adder closely misses you.
Natasha mumbles some strange words.
You feel disoriented. Natasha closely misses you. The iron imp hits you.
* * * LOW HITPOINT WARNING * * *
The adder completely misses you.
You take 4 damage, and have 13/42 hp.
You closely miss the adder.
The adder is severely wounded.
You feel sick. The bat closely misses you.
Natasha howls an incantation.
Natasha's fingertips start to glow.
Natasha claws you.
* * * LOW HITPOINT WARNING * * *
The iron imp hits you.
* * * LOW HITPOINT WARNING * * *
The adder misses you.
Natasha howls an incantation.
You feel disoriented. Natasha barely misses you.
You take 10 damage, and have 3/42 hp.
O_OOPS!!
MASSIVE DAMAGE!!
You barely miss the adder.
The adder is severely wounded.
Natasha claws you but does no damage. The adder closely misses you.
The bat misses you.
Unknown command.
You barely miss the adder.
The adder is severely wounded.
* * * LOW HITPOINT WARNING * * *
You feel sick. The bat completely misses you. Natasha closely misses you.
The iron imp barely misses you. The adder barely misses you.
You take 1 damage, and have 2/42 hp.
Unknown command.
You puncture the adder!
You kill the adder!
Trog accepts your kill.
You can now call upon Trog for regeneration and protection from hostile enchantments.
The bat hits you but does no damage. Natasha claws you.
You die...

█....███.............█
█.....................
█..............██....
██.............██....
█...................
█......█........... ..sS..█
█................. ......█
███..........b███ .h....
█.........@.█ █. █....█
█........h.5█ █.. █..S.██
███.......55███.█ █......
███..........██.█ █......
█............██.█ █.███
█............██.█ ██...█
.............██.████....█..
.......█.....██...h..⌂.....
.......█.....██.S.█....████


You could see an iron imp, Natasha, a crimson imp, a white imp and a bat.

Vanquished Creatures
  Jessica (D:1)
  A gnoll (D:1)
  3 adders (D:2)
  An adder zombie (D:1)
  A bat zombie (D:1)
  2 giant cockroaches (D:1)
  5 goblins (D:1)
  A hobgoblin (D:1)
  3 bats (D:1)
  4 jackals (D:1)
  A kobold (D:1)
23 creatures vanquished.

Notes
Turn   | Place    | Note
--------------------------------------------------------------
     0 | D:1      | Goblin1989 the Kobold Berserker began the quest for the Orb.
     0 | D:1      | Reached XP level 1. HP: 14/14 MP: 1/1
    21 | D:1      | Reached skill level 1 in Stealth
   232 | D:1      | Reached XP level 2. HP: 19/19 MP: 2/2
   318 | D:1      | Reached XP level 3. HP: 23/23 MP: 3/3
   819 | D:1      | Goblin1989: !hs kobe
   819 | D:1      | beem: 48. kobe the Slayer (L27 OgAr of Ashenzari), escaped with the Orb and 4 runes on 2022-05-18 14:55:59, with 1742242 points after 120699 turns and 7:47:24.
   819 | D:1      | Goblin1989: !hs goblin1989
   819 | D:1      | beem: 3638. Goblin1989 the Slayer (L27 DsFi of Gozag), escaped with the Orb and 15 runes on 2016-10-23 02:08:02, with 15964699 points after 98135 turns and 9:57:34.
   819 | D:1      | Goblin1989: !hs goblin1989 kobe
   819 | D:1      | beem: 45. Goblin1989 the Hawkeye (L27 KoBe of Trog), impaled on a Hell Sentinel's spines on Abyss:2 on 2015-08-09 00:32:14, with 586689 points after 102265 turns and 14:28:32.
   819 | D:1      | Goblin1989: !hs goblin1989 kobe -log
   819 | D:1      | beem: 45. Goblin1989, XL27 KoBe, T:102265: http://crawl.berotato.org/crawl/morgue/Goblin1989/morgue-Goblin1989-20150809-003214.txt
   834 | D:2      | Noticed Jessica
   875 | D:1      | Killed Jessica
   875 | D:1      | Reached skill level 5 in Stealth
   875 | D:1      | Reached XP level 4. HP: 23/28 MP: 4/4
  1145 | D:2      | Found a stormy altar of Qazlal.
  1153 | D:2      | Noticed Natasha
  1179 | D:2      | HP: 2/42 [poisoned by an adder]
  1180 | D:2      | Reached ** piety under Trog
  1180 | D:2      | Slain by Natasha

Action                   |  1- 3 |  4- 6 || total
-------------------------+-------+-------++-------
Melee: Short sword       |    67 |    21 ||    88
Invok: Berserk           |     1 |     2 ||     3
 Stab: Sleeping          |     3 |       ||     3
  Eat: Chunk             |     8 |     2 ||    10

Vault maps used:
D:1:      saegor_arrival_fortress
D:2:      nicolae_overflow_crystal_walls, makhleb_heckhound_becter,
          uniq_jessica, uniq_natasha
